 Dungeon Crawl Stone Soup version 0.24.0-123-gd5b16e6ec5 (webtiles) character file.

Game seed: 10889638494739954097, levelgen mode: deterministic

151 Chiseanne the Magician (level 5, 20/35 HPs)
             Began as a Demonspawn Wizard on Jan 21, 2020.
             Quit the game on level 2 of the Dungeon.
             The game lasted 00:02:54 (2415 turns).

Chiseanne the Magician (Demonspawn Wizard)          Turns: 2415, Time: 00:02:54

Health: 20/35      AC:  5    Str:  7    XL:     5   Next: 11%
Magic:  0/11       EV: 12    Int: 20    God:
Gold:   146        SH:  0    Dex: 12    Spells: 3/12 levels left

rFire    . . .     SeeInvis .   c - +0 whip
rCold    . . .     Gourm    .   (no shield)
rNeg     . . .     Faith    .   a - +0 robe
rPois    .         Spirit   .   j - +0 helmet
rElec    .         Reflect  .   (no cloak)
rCorr    .         Harm     .   (no gloves)
MR       .....                  (no boots)
Stlth    +++.......             (no amulet)
HPRegen  0.11/turn              (no ring)
MPRegen  0.12/turn              (no ring)

@: very slightly contaminated
A: molten scales 1, nightstalker 1
a: no special abilities


You were on level 2 of the Dungeon.
You were hungry.

You visited 1 branch of the dungeon, and saw 3 of its levels.

You collected 146 gold pieces.

Inventory:

Hand Weapons
 c - a +0 whip (weapon)
Missiles
 e - 27 sling bullets
 f - 72 stones (quivered)
 n - 7 arrows
Armour
 a - a +0 robe (worn)
 j - a +0 helmet (worn)
Jewellery
 r - an uncursed ring of protection from fire {unknown}
Scrolls
 g - a scroll of identify
 h - a scroll of magic mapping
 p - a scroll of fear {unknown}
 q - a scroll of fog
 s - a scroll of remove curse {unknown}
 t - a scroll of teleportation {unknown}
Potions
 i - a potion of degeneration {unknown}
 k - 2 potions of flight {unknown}
 l - a potion of heal wounds
 m - a potion of invisibility {unknown}
 o - a potion of magic {unknown}
Comestibles
 b - 4 chunks of flesh
 d - 3 rations


   Skills:
 - Level 1.7 Dodging
 - Level 1.7 Stealth
 * Level 4.4 Spellcasting
 * Level 3.5 Conjurations
   Level 1.0 Summonings
 - Level 0.8 Translocations


You had 3 spell levels left.
You knew the following spells:

 Your Spells              Type           Power        Failure   Level  Hunger
a - Magic Dart            Conj           ###.         3%          1    None
b - Blink                 Tloc           N/A          13%         2    #......
c - Conjure Flame         Conj/Fire      ##......     19%         3    ###....
d - Mephitic Cloud        Conj/Pois/Air  #.......     22%         3    ###....

Your spell library contained the following spells:

 Spells                   Type           Power        Failure   Level  Hunger
 Call Imp                 Summ           #.......     12%         2    #......
 Slow                     Hex            #.......     19%         2    #......


Dungeon Overview and Level Annotations

Branches:
Dungeon (3/15)

Altars:
Cheibriados


Innate Abilities, Weirdness & Mutations

You are partially covered in molten scales. (AC +2)
You are slightly more attuned to the shadows.


Message History

Confirm with . or Enter, or press ? or * to list all spells.
Aiming: Magic Dart (safe; 3% risk of failure)
Press: ? - help, Shift-Dir - straight line, f/p - orc wizard
Aim: an orc wizard, wielding a +0 dagger and wearing a +0 robe (severely wounded, fast)
The magic dart hits the orc wizard.
The orc wizard is almost dead.
You are feeling hungry.
The orc wizard hits you but does no damage.
The orc wizard closely misses you.
Casting: Magic Dart (safe; 3% risk of failure)
Confirm with . or Enter, or press ? or * to list all spells.
Aiming: Magic Dart (safe; 3% risk of failure)
Press: ? - help, Shift-Dir - straight line, f/p - orc wizard
Aim: an orc wizard, wielding a +0 dagger and wearing a +0 robe (almost dead, fast)
The magic dart hits the orc wizard.
You kill the orc wizard!
You have reached level 5!
Your demonic ancestry asserts itself...
You slip into the darkness of the dungeon.
Are you sure you want to abandon this character and quit the game? (Confirm with "yes".)

############
#########..........#
........#..........#
........#.......)..#
........#[......@.รท#
........#....>.....#
...<...............#
...................#
.....).............#
......>.#..........#
.###...####.########
.##...## #..# .##.#.#
##.##


There were no monsters in sight!

Vanquished Creatures
  An orc wizard (D:2)
  An orc priest (D:2)
  5 adders (D:2)
  2 dart slugs (D:2)
  3 leopard geckos
  2 orcs (D:3)
  4 bats
  A giant cockroach (D:1)
  3 hobgoblins
  4 jackals (D:2)
  5 kobolds
  2 ball pythons
  2 frilled lizards (D:2)
  3 goblins (D:1)
  5 rats
43 creatures vanquished.

Vanquished Creatures (others)
  A frilled lizard (D:2)
1 creature vanquished.

Grand Total: 44 creatures vanquished

Notes
Turn   | Place    | Note
-------+----------+-------------------------------------------
     0 | D:1      | Chiseanne the Demonspawn Wizard began the quest for the
                  | Orb.
     0 | D:1      | Reached XP level 1. HP: 13/13 MP: 4/4
   444 | D:1      | Gained mutation: You are partially covered in molten
                  | scales. (AC +2) [demonic ancestry]
   444 | D:1      | Reached XP level 2. HP: 8/19 MP: 0/6
  1233 | D:2      | Reached XP level 3. HP: 24/24 MP: 2/8
  1419 | D:2      | Learned a level 2 spell: Blink
  1423 | D:2      | Learned a level 3 spell: Conjure Flame
  1427 | D:2      | Learned a level 3 spell: Mephitic Cloud
  1698 | D:2      | Reached XP level 4. HP: 26/30 MP: 1/9
  1782 | D:2      | Reached skill level 4 in Spellcasting
  2194 | D:3      | Found a snail-covered altar of Cheibriados.
  2414 | D:2      | Gained mutation: You are slightly more attuned to the
                  | shadows. [demonic ancestry]
  2414 | D:2      | Reached XP level 5. HP: 20/35 MP: 0/11
  2415 | D:2      | Quit the game

Levels and vault maps discovered:
D:1:      lemuel_arrival_behind_the_door_large, layout_rooms
D:2:      layout_rooms
D:3:      layout_rooms, kennysheep_slug_shrine, lemuel_doored_altar,
          first_ration, chequers_ecumenical_altar_lobes

Skill      XL: |  1  2  3  4 |
---------------+-------------+-----
Conjurations   | 2 3 |  3.5
Spellcasting   | 4 |  4.4
Dodging        | |  1.7
Stealth        | |  1.7
Summonings     | |  1.0
Translocations | |  0.8

Action                   |  1- 3 |  4- 6 || total
-------------------------+-------+-------++-------
Melee: Whip              |    32 |    14 ||    46
 Cast: Magic Dart        |    69 |    41 ||   110
  Use: Scroll            |     3 |       ||     3
  Eat: Chunk             |     2 |     2 ||     4
Armor: Robe              |    12 |     9 ||    21
Dodge: Dodged            |    35 |    32 ||    67
